 Dungeon Crawl Stone Soup version 0.31-a0-117-g42d8f58691 (webtiles) character file.

Game seed: 199996963441389287

0 MackTheKnife the Cutter (level 1, 0/16 HPs)
             Began as a Vine Stalker Berserker on May 30, 2023.
             Was a Follower of Trog.
             Succumbed to an adder's poison
             ... on level 2 of the Dungeon.
             The game lasted 00:00:26 (78 turns).

MackTheKnife the Cutter (Vine Stalker Berserker)      Turns: 78, Time: 00:00:27

Health: 0/16       AC:  3    Str: 19    XL:     1   Next: 10%
Magic:  2/2        EV: 11    Int:  7    God:    Trog [*.....]
Gold:   12         SH:  0    Dex: 13    Spells: 0/0 levels left

rFire   . . .        a - +0 short sword {short}
rCold   . . .        (no shield)
rNeg    . . .        c - +0 leather armour
rPois   .            (no helmet)
rElec   .            (no cloak)
rCorr   .            (no gloves)
SInv    .            (no boots)
Will    .....        (no amulet) Stlth
                     (no ring)
HPRegen 0.22/turn    (no ring)
MPRegen 0.08/turn

%: guardian spirit
@: berserking, lethally poisoned (0 -> -6), very quick
A: fangs 2, magic shield, antimagic bite, no potion heal 2
a: Renounce Religion, Berserk


You were on level 2 of the Dungeon.
You worshipped Trog.
Trog was aware of your devotion.
You visited 1 branch of the dungeon, and saw 2 of its levels.

You collected 12 gold pieces.


Innate Abilities, Weirdness & Mutations

You have extremely sharp teeth.
When hurt, damage is shared between your health and your magic reserves.
Your bite disrupts and absorbs the magic of your enemies.
Potions cannot restore your health.


   Skills:
 - Level 2.6 Fighting
 + Level 2.7 Short Blades
 - Level 1.5 Armour
 - Level 1.5 Dodging


You couldn't memorise any spells.
You didn't know any spells.
Your spell library contained the following spells:

 Spells                   Type           Power      Damage    Failure   Level
 Shock                    Conj/Air       0%         1d3       50%         1
 Swiftness                Air            0%         N/A       86%         3
 Airstrike                Air            0%         2d(0-16)  99%         4

Inventory:

Hand Weapons
 a - a +0 short sword (weapon) {short}
Armour
 c - a +0 leather armour (worn)
   (You found it on level 1 of the Dungeon)

Dungeon Overview and Level Annotations

Branches:
Dungeon (2/15) Zot: 11923

Altars:

. #.#.........#
#.#.
##.#.##.####.#
##.#.##......)#
#.# <....#.......#
#<# #..#.##.##.#
#.# # #...†...##.#
#.# ...
##.#.#####.# ...
#...###.#.....#.#
#.#
#.....@<........#
#.#
...#.##$#......###
#.# #........# #.#
.........#
.##.##.#### .. #.#
.# .. ... .. .#.
#.# .#.


There were no monsters in sight!


Message History

🤖 Initializing magus.rc ...
Options error: Delay interrupt name "hungry" not recognised. (~/.crawlrc:4768) Bad monster_list_colour key: strict_neutral Bad channel name 'pray' for runrest: 'pray:' Options error: Missing colour in message_colour setting: 'that.*feels deathly cold' Options error: Missing colour in message_colour setting: 'and you must be Full or above to equip it' Options error: Missing colour in message_colour setting: 'but rights himself reflexively soon after' Options error: Missing colour in message_colour setting: 'before it is too late' ✅ Successfully initialized magus.rc [v1.9.6] Welcome, MackTheKnife the Vine Stalker Berserker.
If you return without finding the Orb of Zot, so far below, it's all over!
Trog says: Kill them all!
Press ? for a list of commands and other information.
Found a staircase leading out of the dungeon.
You open the door.
There is an open door here.
You see here a +0 leather armour.
c - a +0 leather armour You start removing your armour.
You continue taking off your +0 animal skin. x4
You finish taking off your +0 animal skin.
You start putting on your armour.
You continue putting on your +0 leather armour. x5
You finish putting on your +0 leather armour.
You drop a +0 animal skin.
You enter the shallow water.
Moving in this stuff is going to be slow.
You open the door.
There is an open door here.
You now have 11 gold pieces.
Found a stone staircase leading down.
There is a stone staircase leading down here.
You now have 12 gold pieces (gained 1).
There is a stone staircase leading down here.
You climb downwards.
There is a stone staircase leading up here.
You pick up a book of Air {forbidden} and begin reading...
You add the spells Shock, Swiftness and Airstrike to your library.
A frilled lizard comes into view.
The frilled lizard hisses angrily.
You barely miss the frilled lizard. You hit the frilled lizard.
You kill the frilled lizard!
Trog accepts your kill.
Found a stone staircase leading up.
You see here a frilled lizard corpse.
Found a stone staircase leading up.
An adder comes into view.
The adder hisses angrily.
There is a stone staircase leading up here.
You closely miss the adder. Your bite misses the adder. The adder bites you.
You are poisoned.
The adder poisons you! 😕 HP[-1]
You take 1 damage, and now have 10/11 hp.
You barely miss the adder.
You feel sick. The adder bites you.
You are lethally poisoned!
The adder poisons you!
You closely miss the adder.
You feel sick. The adder barely misses you.
The adder bites you but does no damage. 😮 HP[-4]
You take 4 damage, and now have 6/11 hp.
MASSIVE DAMAGE!! (PAUSE)
You hit the adder but do no damage. Your bite misses the adder.
* * * LOW HITPOINT WARNING * * *
You feel sick. The adder bites you.
* * * LOW HITPOINT WARNING * * *
You are more poisoned.
The adder poisons you! 😨 HP[-3] MP[-1]
You take 3 damage, and now have 3/11 hp.
MASSIVE DAMAGE!! (PAUSE)
You lost 1 mp, and now have 1/2 mp.
Unknown command.
Unknown command.
Unknown command.
Unknown command.
A red film seems to cover your vision as you go berserk!
You feel yourself moving faster!
You feel mighty!
* * * LOW HITPOINT WARNING * * *
You feel sick. The adder closely misses you.
You now have 16 max hp (+5).
Unknown command.
You closely miss the adder. Your bite misses the adder.
* * * LOW HITPOINT WARNING * * *
You feel sick.
The adder bites you but does no damage. 😱 HP[-2]
You take 2 damage, and now have 1/16 hp.
You hit the adder. You bite the adder! You drain its power.
You feel invigorated. 😱 MP[+1]
Your mp is fully restored (2).
You puncture the adder!
You kill the adder!
Trog accepts your kill.
You die...

Action                     || total
---------------------------++-------
  Melee: Short sword       ||     9
         Bite              ||     1
 Invoke: Berserk           ||     1
 Armour: Leather armour    ||     2
  Dodge: Dodged            ||     2

Levels and vault maps discovered:
D:1:      lightli_arrival_farm, layout_basic
D:2:      layout_loops_cross, serial_shops, shop

Notes
Turn   | Place    | Note
-------+----------+-------------------------------------------
     0 | D:1      | MackTheKnife the Vine Stalker Berserker began the quest for
                  | the Orb.
     0 | D:1      | Reached XP level 1. HP: 11/11 MP: 2/2
     0 | D:1      | magus.rc [v1.9.6]
    59 | D:2      | You pick up a book of Air {forbidden} and begin reading...
    59 | D:2      | You add the spells Shock, Swiftness and Airstrike to your
                  | library.
    75 | D:2      | HP: 3/16 [poisoned by an adder]
    76 | D:2      | HP: 1/16 [poisoned by an adder]
    78 | D:2      | Succumbed to an adder's poison

Vanquished Creatures
  An adder (D:2)
  A frilled lizard (D:2)
2 creatures vanquished.

Table legend:
 A = Non-vault XP
 B = Vault XP
 C = Vault XP percentage of total XP
 D = Non-vault monster count
 E = Vault monster count
 F = Vault count percentage of total count
                 A         B        C        D         E       F
            +---------+---------+-------+---------+---------+-------
      Total |      14 |       0 |   0.0 |       2 |       0 |   0.0
            +---------+---------+-------+---------+---------+-------
        D:2 |      14 |       0 |   0.0 |       2 |       0 |   0.0
            +---------+---------+-------+---------+---------+-------

Action                     || total
---------------------------++-------
  Melee: Short sword       ||     9
         Bite              ||     1
 Invoke: Berserk           ||     1
 Armour: Leather armour    ||     2
  Dodge: Dodged            ||     2

Illustrated notes

Table legend:
 A = Kills in this place as a percentage of kills in the entire game.
 B = Kills by you in this place as a percentage of kills by you in the entire game.
 C = Kills by friends in this place as a percentage of kills by friends in the entire game.
 D = Other kills in this place as a percentage of other kills in the entire game.
 E = Experience gained in this place as a percentage of experience gained in the entire game.
 F = Experience gained in this place divided by the number of levels of this place that you have seen.
                   A       B       C       D       E      F
               +-------+-------+-------+-------+-------+----------------------
         Total | 100.0 | 100.0 |   N/A |   N/A | 100.0 |   7.0
       Dungeon | 100.0 | 100.0 |   N/A |   N/A | 100.0 |   7.0
               +-------+-------+-------+-------+-------+----------------------

Table legend: (Time is in decaauts)
 A = Elapsed time spent in this place.
 B = Non-inter-level travel time spent in this place.
 C = Inter-level travel time spent in this place.
 D = Time resting spent in this place.
 E = Time spent auto-exploring this place.
 F = Levels seen in this place.
 G = Mean time per level.
                   A        B        C        D        E       F      G
               +--------+--------+--------+--------+--------+-----+--------+
         Total |     76 |     76 |      0 |      0 |      0 |   2 |   38.0 |
       Dungeon |     76 |     76 |      0 |      0 |      0 |   2 |   38.0 |
               +--------+--------+--------+--------+--------+-----+--------+

Top non-repeatable levels by time:
     D:1: 47 daAuts
     D:2: 29 daAuts
